 Dungeon Crawl Stone Soup version 0.25-a0-44-g29a1220a87 (webtiles) character file.

Game seed: 4944400380821632184, levelgen mode: deterministic

603855 tilp the Meteorologist (level 27, -7/157 HPs)
             Began as a Tengu Air Elementalist on Oct 19, 2019.
             Was a Priest of Sif Muna.
             Mangled by a red draconian monk (30 damage)
             ... on level 3 of the Realm of Zot on Oct 25, 2019.
             The game lasted 06:52:54 (125261 turns).

tilp the Meteorologist (Tengu Air Elementalist)   Turns: 125261, Time: 06:52:54

Health: -7/157     AC: 17    Str: 12    XL:     27
Magic:  0/46       EV: 24    Int: 32    God:    Sif Muna [***...]
Gold:   4740       SH: 18    Dex: 12    Spells: 2/62 levels left

rFire    + + +     SeeInvis +   b - staff of air
rCold    + + +     Gourm    .   V - +5 shield "Boxtosou" {rC+ rN+ MR+}
rNeg     + + .     Faith    .   N - +3 leather armour {rF+}
rPois    +         Spirit   +   G - +2 hat of the Bear Spirit {Spirit, +Rage rN+ MR++}
rElec    +         Reflect  .   O - +2 cloak {+Inv}
rCorr    +         Harm     .   m - +1 pair of gloves of the Ace of Cups {rF+ rC+}
MR       +++++                  (boots unavailable)
Stlth    +++.......             j - amulet of Amelioration {Regen+ Int+6 Stlth+}
HPRegen  0.76/turn              L - ring of see invisible
MPRegen  0.30/turn              F - +3 ring of protection

@: about to teleport, resistant, flying quickly and evasively, slowed, studying
Invocations, very slow
A: beak, talons 3, clumsy 1, able to fly
}: 3/15 runes: decaying, serpentine, silver
a: Stop Flying, Channel Magic, Forget Spell, Renounce Religion, Evoke Berserk
Rage, Evoke Invisibility


You were on level 3 of the Realm of Zot.
You worshipped Sif Muna.
Sif Muna was most pleased with you.
You were very hungry.

You visited 11 branches of the dungeon, and saw 52 of its levels.
You also visited: Trove, Gauntlet and Ice Cave.

You collected 9476 gold pieces.
You spent 4736 gold pieces at shops.

Inventory:

Missiles
 a - 17 silver javelins (quivered)
 C - a throwing net
Armour
 m - the +1 pair of gloves of the Ace of Cups (worn) {rF+ rC+}
   (You found it in a Gauntlet)

   It protects you from fire.
   It protects you from cold.
 G - the +2 hat of the Bear Spirit (worn) {Spirit, +Rage rN+ MR++}
   (You bought it in a shop on level 2 of the Orcish Mines)

   It protects you from negative energy.
   It affects your resistance to hostile enchantments.
   It lets you go berserk.
 N - a +3 leather armour of fire resistance (worn)
 O - a +2 cloak of invisibility (worn)
 V - the +5 shield "Boxtosou" (worn) {rC+ rN+ MR+}
   (You found it on level 1 of the Lair of Beasts)

   It protects you from cold.
   It protects you from negative energy.
   It affects your resistance to hostile enchantments.
Magical Staves
 b - an uncursed staff of air (weapon)
Jewellery
 j - the amulet of Amelioration (around neck) {Regen+ Int+6 Stlth+}
   (You took it off an ironheart preserver on level 5 of the Vaults)

   [amulet of regeneration]

   It affects your intelligence (+6).
   It increases your rate of regeneration.
   It makes you more stealthy.
 q - an uncursed ring of poison resistance
 D - an uncursed ring of resist corrosion
 F - a +3 ring of protection (right hand)
 L - a ring of see invisible (left hand)
 Q - the ring "Funeufi" {AC+1 Int+3 Stlth+}
   (You took it off a spriggan berserker on level 3 of the Depths)

   [ring of protection]

   It affects your AC (+1).
   It affects your intelligence (+3).
   It makes you more stealthy.
Wands
 o - a wand of paralysis (17)
 J - a wand of disintegration (13)
 P - a wand of acid (33)
 R - a wand of clouds (12)
 W - a wand of scattershot (12)
 Z - a wand of digging (7)
Scrolls
 d - 4 scrolls of holy word
 p - 11 scrolls of fear
 r - 7 scrolls of blinking
 u - a scroll of magic mapping
 v - 36 scrolls of remove curse
 w - 18 scrolls of amnesia
 x - 3 scrolls of enchant armour
 z - 4 scrolls of enchant weapon
 I - 2 scrolls of summoning
 M - a scroll of silence
 S - 22 scrolls of identify
 U - 16 scrolls of teleportation
 Y - 11 scrolls of fog
Potions
 e - 12 potions of mutation
 g - 3 potions of resistance
 i - 3 potions of magic
 k - 14 potions of curing
 l - 11 potions of brilliance
 n - 10 potions of might
 s - 3 potions of cancellation
 t - 3 potions of ambrosia
 B - 7 potions of haste
 K - 5 potions of agility
 T - 7 potions of invisibility
Books
 f - a manual of Invocations
Miscellaneous
 h - a fan of gales
 A - a phantom mirror
 E - a box of beasts
 H - a lamp of fire
Comestibles
 c - 72 rations


   Skills:
 + Level 12.3 Fighting
 - Level 12.0 Staves
 - Level 8.0 Armour
 + Level 15.2 Dodging
 - Level 4.1 Stealth
 - Level 15.0 Shields
 - Level 18.0 Spellcasting
 - Level 24.0 Conjurations
 - Level 4.0 Necromancy
 O Level 27 Air Magic
 - Level 15.0 Invocations
 - Level 12.0 Evocations


You had 2 spell levels left.
You knew the following spells:

 Your Spells              Type           Power        Failure   Level  Hunger
a - Bolt of Fire          Conj/Fire      #######...   1%          6    None
b - Swiftness             Chrm/Air       ########     0%          2    None
c - Tornado               Air            ########..   2%          9    #######
d - Airstrike             Air            ########..   0%          4    None
e - Lightning Bolt        Conj/Air       ########..   0%          5    None
f - Deflect Missiles      Chrm/Air       ########..   1%          6    None
g - Apportation           Tloc           ####..       1%          1    None
h - Regeneration          Chrm/Necr      #####.....   2%          3    None
i - Freezing Cloud        Conj/Ice/Air   ########..   1%          6    None
j - Iron Shot             Conj/Erth      #######...   1%          6    None
k - Summon Lightning Spi  Summ/Air       ########     1%          4    None
l - Blink                 Tloc           N/A          2%          2    None
m - Silence               Hex/Air        ########..   1%          5    None
n - Summon Butterflies    Summ           ####....     1%          1    None

Your spell library contained the following spells:

 Spells                   Type           Power        Failure   Level  Hunger
 Flame Tongue             Conj/Fire      #####        0%          1    None
 Magic Dart               Conj           ####         0%          1    None
 Shock                    Conj/Air       ####         0%          1    None
 Sting                    Conj/Pois      ####         0%          1    None
 Poisonous Vapours        Pois/Air       ######       0%          2    None
 Searing Ray              Conj           ######       0%          2    None
 Animate Skeleton         Necr           N/A          1%          1    None
 Beastly Appendage        Tmut           ####..       1%          1    None
 Confusing Touch          Hex            ####..       1%          1    None
 Corona                   Hex            ####...      1%          1    None
 Freeze                   Ice            ####         1%          1    None
 Infusion                 Chrm           ####         1%          1    None
 Pain                     Necr           ####         1%          1    None
 Summon Small Mammal      Summ           ####         1%          1    None
 Corpse Rot               Necr           N/A          1%          2    None
 Sublimation of Blood     Necr           ######....   1%          2    None
 Throw Flame              Conj/Fire      ######       1%          2    None
 Throw Frost              Conj/Ice       ######       1%          2    None
 Call Imp                 Summ           ####....     2%          2    None
 Ensorcelled Hibernation  Hex/Ice        ####..       2%          2    None
 Passwall                 Tmut/Erth      ####....     2%          2    None
 Slow                     Hex            ####....     2%          2    None
 Sticks to Snakes         Tmut           ####....     2%          2    None
 Mephitic Cloud           Conj/Pois/Air  ########     0%          3    None
 Static Discharge         Conj/Air       ########     0%          3    None
 Iskenderun's Mystic Bla  Conj           ########     0%          4    None
 Conjure Ball Lightning   Conj/Air       ########..   0%          6    None
 Conjure Flame            Conj/Fire      #######.     1%          3    None
 Dazzling Spray           Conj/Hex       ######       1%          3    None
 Stone Arrow              Conj/Erth      ######       1%          3    None
 Vampiric Draining        Necr           ######....   1%          3    None
 Force Lance              Conj/Tloc      #######.     1%          4    None
 Fulminant Prism          Conj/Hex       #######...   1%          4    None
 Sticky Flame             Conj/Fire      #######.     1%          4    None
 Throw Icicle             Conj/Ice       #######.     1%          4    None
 Bolt of Draining         Conj/Necr      #######...   1%          5    None
 Bolt of Magma            Conj/Fire/Erth ######....   1%          5    None
 Fireball                 Conj/Fire      #######...   1%          5    None
 Irradiate                Conj/Tmut      #######...   1%          5    None
 Iskenderun's Battlesphe  Conj/Chrm      #######.     1%          5    None
 Venom Bolt               Conj/Pois      #######...   1%          5    None
 Bolt of Cold             Conj/Ice       #######...   1%          6    None
 Poison Arrow             Conj/Pois      #######...   1%          6    None
 Orb of Destruction       Conj           ########..   1%          7    ####...
 Chain Lightning          Conj/Air       ########..   1%          8    #####..
 Animate Dead             Necr           N/A          3%          4    None
 Confuse                  Hex            ####....     4%          3    None
 Gell's Gravitas          Tloc           ####......   4%          3    None
 Ignite Poison            Fire/Tmut/Pois ####....     4%          3    None
 Inner Flame              Hex/Fire       ####....     4%          3    None
 Lesser Beckoning         Tloc           ####......   4%          3    None
 Ozocubu's Armour         Chrm/Ice       ####....     4%          3    None
 Portal Projectile        Hex/Tloc       ####..       4%          3    None
 Recall                   Summ/Tloc      N/A          4%          3    None
 Spider Form              Tmut/Pois      ####......   4%          3    None
 Summon Guardian Golem    Hex/Summ       ####....     4%          3    None
 Tukima's Dance           Hex            ####....     4%          3    None
 Agony                    Necr           ######..     9%          5    None
 Dispel Undead            Necr           ######..     9%          5    None
 Spellforged Servitor     Conj/Summ      #######...   10%         7    ####...
 Cause Fear               Hex            ####......   16%         4    None
 Ice Form                 Ice/Tmut       ####....     16%         4    None
 Leda's Liquefaction      Hex/Erth       ####......   16%         4    None
 Passage of Golubria      Tloc           N/A          16%         4    None
 Petrify                  Tmut/Erth      ####....     16%         4    None
 Summon Ice Beast         Ice/Summ       ####....     16%         4    None
 Borgnjor's Vile Clutch   Necr/Erth      #####.....   21%         5    None
 Excruciating Wounds      Chrm/Necr      #####.....   21%         5    None
 Alistair's Intoxication  Tmut/Pois      ####....     41%         5    None
 Blade Hands              Tmut           ####......   41%         5    None
 Lee's Rapid Deconstruct  Erth           ####......   41%         5    None
 Metabolic Englaciation   Hex/Ice        ####......   41%         5    None
 Summon Demon             Summ           ####......   41%         5    None
 Summon Mana Viper        Hex/Summ       ####....     41%         5    None
 Yara's Violent Unravell  Hex/Tmut       ####......   41%         5    None
 Lehudib's Crystal Spear  Conj/Erth      #######...   61%         8    #####..
 Simulacrum               Ice/Necr       #####.....   73%         6    None
 Darkness                 Hex            ####......   94%         6    None
 Dispersal                Tloc           ####......   94%         6    None
 Hydra Form               Tmut           ####......   94%         6    None
 Invisibility             Hex            ####....     94%         6    None
 Ozocubu's Refrigeration  Ice            ####......   94%         6    None
 Shadow Creatures         Summ           N/A          94%         6    None
 Statue Form              Tmut/Erth      ####.....    94%         6    None
 Dragon Form              Tmut           ####......   100%        7    ####...
 Ring of Flames           Chrm/Fire      ####......   100%        7    ####...
 Borgnjor's Revivificati  Necr           ######....   100%        8    #####..
 Death's Door             Chrm/Necr      #####.....   100%        8    #####..
 Discord                  Hex            ####......   100%        8    #####..
 Ignition                 Fire           ####......   100%        8    #####..
 Necromutation            Tmut/Necr      #####.....   100%        8    #####..
 Dragon's Call            Summ           ####......   100%        9    #######
 Fire Storm               Conj/Fire      #######...   100%        9    #######
 Glaciate                 Conj/Ice       #######...   100%        9    #######
 Shatter                  Erth           ####......   100%        9    #######


Dungeon Overview and Level Annotations

Branches:
Dungeon (15/15)            Temple (1/1) D:6            Lair (6/6) D:11
  Swamp (4/4) Lair:4        Snake (4/4) Lair:3        Slime (0/5) Lair:5
    Orc (2/2) D:9             Elf (3/3) Orc:2        Vaults (5/5) D:14
  Crypt (3/3) Vaults:2       Tomb (0/3) Crypt:3      Depths (5/5) D:15
    Zot (4/5) Depths:5      IceCv (visited)         Gauntlet (visited)

Altars:
Ashenzari
Cheibriados
Dithmenos
Elyvilon
Fedhas
Hepliaklqana
Kikubaaqudgha
Makhleb
Nemelex Xobeh
Okawaru
Qazlal
Ru
Sif Muna
Trog
Uskayaw
Vehumet
Wu Jian
Xom
Yredelemnul
Zin
The Shining One
Beogh
Jiyva
Lugonu

Shops:
D:6 *   D:8 %[%[   Orc:1 *   Orc:2 ([=:   Elf:1 :   Vaults:2 *   Vaults:3 [
Depths:1 :

Portals:
Hell: Depths:1 Depths:2 Depths:3 Depths:4 Depths:5
Abyss: Depths:1 Depths:4 Depths:5
Pandemonium: Depths:3
Ziggurat: Depths:3

Annotations:
Elf:1 3 runed translucent doors, Zeximyuf's ghost, adept OpFi
Elf:2 5 runed translucent doors
Vaults:3 Nikola
Vaults:4 2 runed translucent doors, Awazaost's ghost, veteran MiBe
Depths:2 2 transporters


Innate Abilities, Weirdness & Mutations

You have a beak for a mouth.
You have claws for feet.
You can fly continuously.
You are clumsy. (Dex -2)


Message History

You feel less invigorated.
You block the yellow draconian knight's attack.
The red draconian monk hits you!
* * * LOW HITPOINT WARNING * * *
The red draconian monk closely misses you.
You block the red draconian monk's attack.
The yellow draconian knight closely misses you.
You block the red draconian monk's attack.
The red draconian monk kicks you!
* * * LOW HITPOINT WARNING * * *
The red draconian monk closely misses you.
You feel better. The winds around you calm down.
You block the red draconian monk's attack.
The red draconian monk completely misses you.
The red draconian monk tail-slaps you!
* * * LOW HITPOINT WARNING * * *
You block the yellow draconian knight's attack.
The red draconian monk hits you!!
You die...

.# ##..#######.##
.# ##....#....# .#
##.......## .##
##.....## ..###
####.####
....###.....y.##
.............pq###
#............dqq.#
#......#########@#
#.....## ###
##...## #..## #.##
###


You could see a Killer Klown, a red draconian monk (berserk), 2 draconians, a
white draconian (berserk) and a moth of wrath.

Vanquished Creatures
  An ancient lich (Vaults:5)
  An orb of fire (Zot:3)
  Sojobo (Vaults:4)
  Bai Suzhen (Vaults:3)
  Margery (Vaults:4)
  A Killer Klown (Zot:4)
  Saint Roka (Vaults:3)
  2 caustic shrikes (Depths:2)
  A profane servitor (Crypt:3)
  9 golden dragons
  2 bone dragons
  4 liches
  14 tentacled monstrosities
  Asterion (Vaults:4)
  6 quicksilver dragons
  2 deep elf blademasters (Elf:3)
  A quicksilver dragon (shapeshifter) (Vaults:5)
  2 deep elf master archers (Elf:3)
  4 titans
  2 death cobs
  3 ancient champions
  3 thorn hunters
  13 shadow dragons
  6 sphinxes
  A sphinx (shapeshifter) (Depths:4)
  Agnes (Vaults:4)
  5 tengu reavers
  2 revenants
  3 nagarajas (Snake:4)
  6 storm dragons
  3 draconian knights
  8 draconian monks
  7 fire giants
  An orc warlord (Orc:2)
  A ghost moth (Zot:4)
  6 iron dragons
  6 deep elf sorcerers
  13 frost giants
  10 vault wardens
  A balrug (Depths:3)
  4 draconian shifters
  A draconian scorcher (Zot:4)
  Aizul (Snake:1)
  Louise (Depths:4)
  A curse skull (Crypt:3)
  2 draconian annihilators
  5 draconian stormcallers
  A deep elf elementalist (Elf:3)
  2 reapers
  A war gargoyle (Vaults:5)
  10 ironheart preservers
  17 stone giants
  2 entropy weavers (Lair:5)
  6 vampire knights
  5 ghouls
  6 green draconians
  19 very ugly things
  6 deep elf annihilators
  A caustic shrike skeleton (Crypt:2)
  7 black draconians
  A minotaur (Gauntlet)
  Nessos (Lair:6)
  9 deep elf demonologists
  7 purple draconians
  Azrael (D:12)
  3 red draconians
  A dire elephant (Lair:6)
  9 yellow draconians
  8 white draconians
  A spark wasp (Depths:4)
  An eidolon (Crypt:1)
  8 deep elf death magi
  A blizzard demon (Depths:3)
  6 ettins
  18 jiangshi
  A spectral quicksilver dragon (Crypt:3)
  6 deep elf high priests
  7 fire dragons
  A merfolk impaler (Depths:2)
  A rakshasa (Depths:4)
  7 spriggan air magi
  8 great orbs of eyes
  9 yaktaur captains
  22 hydras
  6 ice dragons
  26 vault guards
  4 ghost crabs
  22 naga warriors
  2 quicksilver dragon skeletons
  A shambling mangrove (Swamp:4)
  A spectral stone giant (Crypt:3)
  14 ogre magi
  54 two-headed ogres
  A catoblepas (Lair:6)
  13 centaur warriors
  7 anacondas
  13 dancing weapons
  9 death knights
  A two-headed ogre (shapeshifter) (Depths:1)
  A spectral fire giant (Crypt:3)
  2 hell hogs (Depths:4)
  A queen ant (Lair:5)
  5 deep troll shamans
  13 alligators
  4 vampire magi
  An orc high priest (Orc:2)
  8 death yaks
  Urug (D:12)
  12 tengu warriors
  11 spriggan berserkers
  3 sun demons
  A large abomination (Crypt:3)
  4 deep troll earth magi
  9 spriggans
  20 deep elf knights
  18 naga sharpshooters
  13 hell knights
  2 iron trolls
  6 shock serpents
  30 skeletal warriors
  7 soul eaters
  6 shadow wraiths
  2 salamander mystics (Snake:3)
  7 flayed ghosts
  8 unseen horrors
  A spriggan druid (Swamp:2)
  5 sea snakes (Snake:1)
  7 glowing orange brains
  A death drake (shapeshifter) (Elf:2)
  25 deep elf archers
  23 deep trolls
  8 ironbrand convokers
  A glowing orange brain (shapeshifter) (Depths:5)
  A lindwurm (Lair:6)
  13 swamp dragons
  4 naga ritualists
  14 orc knights
  4 wizards
  2 wolf spiders
  5 phantasmal warriors
  57 deep elf magi
  5 mana vipers
  4 cyclopes
  5 necromancers
  A manticore (shapeshifter) (Vaults:5)
  2 manticores (Lair:6)
  28 moths of wrath
  11 orc sorcerers
  11 salamanders
  33 ugly things
  A faun (shapeshifter) (Vaults:3)
  2 oklob plants
  A salamander (shapeshifter) (Elf:2)
  2 moths of wrath (shapeshifter) (Vaults:5)
  2 ice statues
  8 rust devils
  29 black mambas
  7 vault sentinels
  2 fire giant skeletons
  A guardian serpent (Snake:2)
  2 gargoyles
  2 elephants (Lair:6)
  A dire elephant zombie (Crypt:2)
  3 guardian serpents (shapeshifter)
  Psyche (D:12)
  14 spiny frogs
  A red draconian zombie (Crypt:1)
  37 naga magi
  A shock serpent skeleton (Crypt:2)
  32 yaktaurs
  10 komodo dragons
  7 rime drakes
  A komodo dragon (shapeshifter) (Depths:3)
  9 freezing wraiths
  4 red devils (Depths:3)
  A white draconian skeleton (Crypt:1)
  5 ice devils
  8 tengu conjurers
  3 efreet (Depths:3)
  2 hellwings (Gauntlet)
  A yellow draconian skeleton (Crypt:1)
  A queen bee (shapeshifter) (Vaults:4)
  17 polar bears
  14 tyrant leeches
  3 trolls
  A jumping spider (shapeshifter) (Vaults:5)
  2 wind drakes (shapeshifter) (Vaults:3)
  A meliai (shapeshifter) (Vaults:1)
  14 hornets
  3 hippogriffs
  A raiju (shapeshifter) (Vaults:1)
  5 dream sheep
  29 blink frogs
  13 bog bodies
  2 ice dragon zombies (Crypt:2)
  31 slime creatures
  A frost giant simulacrum (Vaults:1)
  57 flying skulls
  4 vampires (D:11)
  An air elemental (Elf:2)
  A satyr skeleton (Crypt:1)
  12 wraiths
  A wyvern (shapeshifter) (Depths:2)
  10 water elementals
  7 shadows
  4 hungry ghosts
  50 yaks
  2 wyverns
  2 tarantellas (shapeshifter)
  3 chaos spawn (Gauntlet)
  A steam dragon (Lair:6)
  3 basilisks (Lair:6)
  8 humans (D:14)
  A neqoxec (Gauntlet)
  2 fire elementals
  A warg (shapeshifter) (D:14)
  26 soldier ants (Lair:5)
  12 vampire mosquitoes
  A torturous demonspawn zombie (Crypt:2)
  10 wargs
  A glowing shapeshifter zombie (Crypt:1)
  24 swamp worms
  A deep troll zombie (Vaults:5)
  66 nagas
  12 insubstantial wisps
  3 small abominations (Crypt:3)
  4 acid dragons
  Duvessa (D:7)
  2 floating eyes
  6 porcupines
  12 hell hounds
  15 water moccasins
  4 black bears
  A floating eye (shapeshifter) (Vaults:2)
  8 ice beasts
  3 phantoms
  3 sky beasts
  51 orc warriors
  22 swamp drakes
  An ettin simulacrum (Vaults:5)
  An eye of draining (shapeshifter) (Depths:2)
  A blink frog skeleton (Crypt:2)
  13 wolves
  A tengu (shapeshifter) (Depths:1)
  37 ogres
  12 boggarts
  7 necrophages
  29 centaurs
  18 crocodiles
  5 big kobolds
  15 bullfrogs
  5 earth elementals
  A gnoll sergeant (D:9)
  A cyclops skeleton (Crypt:1)
  3 wyvern skeletons
  A water moccasin skeleton (D:10)
  Dowan (D:7)
  2 scorpions
  4 killer bees (D:8)
  5 howler monkeys
  5 wights (D:12)
  4 electric eels (Snake:1)
  5 crimson imps
  4 human simulacra
  8 hounds
  A quasit (D:12)
  2 bullfrog zombies
  8 centaur zombies
  4 bullfrog skeletons
  21 orc priests
  12 jellies
  Crazy Yiuf (D:2)
  6 centaur skeletons
  Jessica (D:2)
  Ijyb (D:5)
  6 iguanas
  28 orc wizards
  25 worker ants
  Terence (D:3)
  An ogre skeleton (Crypt:1)
  2 hound skeletons
  2 worker ant zombies
  A howler monkey zombie (Crypt:2)
  Robin (D:3)
  7 gnolls (D:9)
  8 adders
  13 shadow imps
  16 oozes
  An adder skeleton (D:8)
  3 worms
  A dart slug (D:5)
  4 leopard geckos
  127 orcs
  A ball python (D:2)
  6 bats (D:1)
  6 giant cockroaches
  18 goblins
  6 hobgoblins
  11 jackals
  3 quokkas
  8 frilled lizards
  A frilled lizard zombie (Crypt:1)
  A goblin skeleton (Crypt:2)
  12 kobolds
  A leopard gecko skeleton (Crypt:2)
  2 quokka skeletons
  A quokka zombie (D:6)
  8 rats
  3 rat zombies (D:7)
  4 briar patches (Swamp:4)
  A butterfly (Lair:5)
  A fungus (Lair:6)
  A plant (Lair:3)
2415 creatures vanquished.

Vanquished Creatures (collateral kills)
  A golden dragon (Zot:1)
  A tentacled monstrosity (Depths:5)
  2 quicksilver dragons
  A death cob (Zot:3)
  An ancient champion (Crypt:3)
  A thorn hunter (Swamp:4)
  A draconian monk (Zot:3)
  A nagaraja (Snake:4)
  A vault warden (Vaults:5)
  An ironheart preserver (Vaults:3)
  3 very ugly things
  A yellow draconian (Zot:4)
  A purple draconian (Zot:4)
  3 green draconians
  A red draconian (Zot:3)
  A white draconian (Zot:3)
  A deep elf death mage (Elf:3)
  2 vault guards (Vaults:5)
  2 fire dragons
  2 naga warriors (Snake:2)
  A spriggan air mage (Depths:3)
  An orc high priest (Vaults:1)
  A spriggan berserker (Depths:3)
  A hell knight (Vaults:4)
  A deep elf knight (Vaults:5)
  A sea snake (Snake:1)
  3 skeletal warriors
  2 deep trolls (Depths:4)
  An anaconda zombie (Crypt:2)
  A swamp dragon (shapeshifter) (Vaults:2)
  A naga ritualist (Snake:3)
  A glowing orange brain (Depths:3)
  A phantasmal warrior (Depths:3)
  2 ugly things (Depths:1)
  An orc knight (Vaults:1)
  2 deep elf magi
  2 salamanders (Snake:2)
  2 naga magi
  A guardian serpent (Snake:1)
  2 black mambas (Snake:3)
  2 yaktaurs
  9 nagas
  An orc warrior (Vaults:1)
  A swamp drake (Swamp:4)
  A centaur (Depths:1)
  2 orc priests (Vaults:1)
  2 briar patches (Swamp:4)
74 creatures vanquished.

Vanquished Creatures (others)
  An ancient champion (Vaults:4)
  A deep elf demonologist (Elf:2)
  A merfolk javelineer (Depths:1)
  2 two-headed ogres (Depths:1)
  A dancing weapon (Elf:2)
  2 quicksilver dragon simulacra (Depths:3)
  A flayed ghost (Depths:1)
  2 deep elf magi
  A polar bear (IceCv)
  2 water elementals (Depths:1)
  A shadow (Depths:3)
  A yak (IceCv)
  3 ettin simulacra (Depths:3)
  6 wolves (IceCv)
  A crimson imp (D:8)
  A hobgoblin (D:2)
  4 briar patches
  26 fungi
  65 plants
122 creatures vanquished.

Grand Total: 2611 creatures vanquished

Notes
Turn   | Place    | Note
-------+----------+-------------------------------------------
     0 | D:1      | tilp the Tengu Air Elementalist began the quest for the
                  | Orb.
     0 | D:1      | Reached XP level 1. HP: 10/10 MP: 4/4
   237 | D:1      | Reached XP level 2. HP: 12/15 MP: 0/6
   654 | D:1      | Learned a level 2 spell: Swiftness
   738 | D:1      | Reached XP level 3. HP: 19/19 MP: 4/7
  1575 | D:2      | Noticed Jessica
  1588 | D:2      | Killed Jessica
  1588 | D:2      | Reached XP level 4. HP: 10/24 MP: 5/8
  2113 | D:2      | Found a radiant altar of Vehumet.
  2340 | D:2      | Reached skill level 5 in Conjurations
  2340 | D:2      | Reached skill level 5 in Air Magic
  2406 | D:2      | You fall into a shaft and drop 2 floors!
  2464 | D:4      | Got a brightly glowing scale mail
  2710 | D:3      | Noticed Terence
  2738 | D:3      | Gained mutation: You can fly continuously. [Tengu growth]
  2738 | D:3      | Reached XP level 5. HP: 28/28 MP: 7/9
  3075 | D:2      | Found a runed translucent door.
  3076 | D:2      | Noticed Crazy Yiuf
  3486 | D:3      | Noticed Robin
  3490 | D:3      | Killed Robin
  3966 | D:3      | Learned a level 3 spell: Static Discharge
  4032 | D:3      | Found an iron altar of Okawaru.
  4169 | D:3      | Found a hazy altar of Hepliaklqana.
  4183 | D:3      | Killed Terence
  4340 | D:4      | Reached skill level 6 in Air Magic
  4340 | D:4      | Reached XP level 6. HP: 32/32 MP: 5/10
  4395 | D:4      | Reached skill level 1 in Shields
  4784 | D:4      | Reached XP level 7. HP: 26/36 MP: 5/12
  5323 | D:4      | Learned a level 4 spell: Airstrike
  5336 | D:5      | Entered Level 5 of the Dungeon
  6069 | D:5      | Found a stormy altar of Qazlal.
  6082 | D:5      | Noticed Ijyb
  6389 | D:5      | Reached XP level 8. HP: 41/41 MP: 10/15
  6559 | D:4      | Identified the +4 scale mail of Noon {MR+ Regen+ Dex+4}
                  | (You found it on level 4 of the Dungeon)
  6621 | D:6      | Reached skill level 1 in Fighting
  6816 | D:6      | Found a staircase to the Ecumenical Temple.
  6895 | Temple   | Entered the Ecumenical Temple
  6912 | Temple   | Became a worshipper of Sif Muna the Loreminder
  7663 | D:6      | Found Qepticvept's Assorted Antiques.
  7671 | D:6      | Bought a brightly glowing spear for 200 gold pieces
  7682 | D:6      | Reached skill level 5 in Shields
  8026 | D:6      | Learned a level 5 spell: Lightning Bolt
  8041 | D:7      | Reached XP level 9. HP: 49/52 MP: 16/16
  8287 | D:7      | Reached skill level 5 in Dodging
  8389 | D:7      | Reached * piety under Sif Muna
  8458 | D:7      | Noticed Dowan
  8535 | D:7      | Found an ancient bone altar of Kikubaaqudgha.
  8816 | D:7      | Noticed an oklob plant
  8836 | D:7      | Reached skill level 1 in Staves
  9836 | D:8      | Reached skill level 5 in Staves
 10117 | D:8      | Reached ** piety under Sif Muna
 10228 | D:8      | Noticed a two-headed ogre
 10233 | D:8      | Found Goklaeh's Antique Armour Shop.
 10270 | D:8      | Found Rabisiy's Food Boutique.
 10278 | D:8      | Found Igyamp's Antique Armour Emporium.
 10278 | D:8      | Noticed a two-headed ogre
 10477 | D:7      | Reached XP level 10. HP: 26/56 MP: 0/17
 11327 | D:8      | Noticed a three-headed hydra
 11385 | D:7      | Killed a three-headed hydra
 11532 | D:8      | Reached skill level 10 in Staves
 12550 | D:8      | Found Cid Anaas's Food Boutique.
 12798 | D:9      | Reached *** piety under Sif Muna
 12837 | D:9      | Identified the +10 spear "Arbiter" {protect, rN+ Str+3}
                  | (You bought it in a shop on level 6 of the Dungeon)
 12860 | D:9      | Found a blossoming altar of Fedhas.
 12860 | D:9      | Found a sparkling altar of Nemelex Xobeh.
 13347 | D:9      | Found a staircase to the Orcish Mines.
 14142 | D:9      | Reached XP level 11. HP: 61/61 MP: 13/18
 14188 | D:9      | Reached **** piety under Sif Muna
 14475 | D:9      | Reached skill level 1 in Invocations
 14475 | D:9      | Reached skill level 1 in Evocations
 15764 | D:9      | Learned a level 3 spell: Conjure Flame
 15802 | D:8      | Bought an encrusted cloak for 266 gold pieces
 15802 | D:8      | Identified the +0 cloak of Leapfrog {rF+ rCorr} (You bought
                  | it in a shop on level 8 of the Dungeon)
 15847 | D:10     | Entered Level 10 of the Dungeon
 15933 | D:10     | Noticed a two-headed ogre
 16023 | D:10     | Killed a two-headed ogre
 16252 | D:10     | Found a portal to a secret trove of treasure.
 16289 | D:10     | Found a sacrificial altar of Ru.
 17365 | D:11     | Reached skill level 5 in Invocations
 17488 | D:11     | Found a staircase to the Lair.
 17724 | D:11     | Noticed a centaur warrior
 17956 | D:11     | Killed a centaur warrior
 18412 | D:11     | Found the +12 Vampire's Tooth {vamp}
 18469 | D:11     | Reached skill level 7 in Air Magic
 18700 | D:11     | Reached skill level 5 in Spellcasting
 18700 | D:11     | Reached XP level 12. HP: 61/65 MP: 4/20
 18877 | D:8      | Killed a two-headed ogre
 19169 | D:8      | Killed a two-headed ogre
 19169 | D:8      | Reached skill level 8 in Air Magic
 19316 | D:7      | Killed Dowan
 19316 | D:7      | Noticed Duvessa
 19335 | D:7      | Killed Duvessa
 19779 | D:5      | Killed Ijyb
 19991 | D:2      | Killed Crazy Yiuf
 20450 | Lair:1   | Entered Level 1 of the Lair of Beasts
 20479 | D:11     | Identified 2 scrolls of acquirement
 20480 | D:11     | Got an ancient scale mail
 20484 | D:11     | Got a pair of scorched gloves
 20485 | D:11     | Identified the +1 pair of gloves of Impik {rElec rF-
                  | Regen+} (You acquired it on level 11 of the Dungeon)
 20534 | Lair:1   | Noticed a six-headed hydra
 20580 | Lair:1   | Killed a six-headed hydra
 21204 | Lair:1   | Got a faintly humming shield
 21216 | Lair:1   | Reached skill level 9 in Air Magic
 21528 | Lair:1   | Learned a level 1 spell: Apportation
 21532 | Lair:1   | Learned a level 3 spell: Regeneration
 22191 | Lair:1   | Identified the +0 scale mail of the Slug {rC+} (You
                  | acquired it on level 11 of the Dungeon)
 22394 | Lair:2   | Reached skill level 10 in Conjurations
 22504 | Lair:2   | Found a frozen archway.
 22518 | IceCv    | Entered an ice cave
 22530 | IceCv    | Reached skill level 10 in Air Magic
 24037 | IceCv    | Reached XP level 13. HP: 59/70 MP: 18/25
 24640 | IceCv    | Reached skill level 11 in Air Magic
 25012 | IceCv    | Noticed a frost giant
 25026 | IceCv    | Killed a frost giant
 25970 | Lair:2   | Identified the +5 shield "Boxtosou" {rC+ rN+ MR+} (You
                  | found it on level 1 of the Lair of Beasts)
 26321 | Lair:2   | Reached skill level 12 in Air Magic
 26901 | D:8      | Bought a pair of distressingly furry gloves for 266 gold
                  | pieces
 26901 | D:8      | Identified the -3 pair of gloves of the Trees {*Corrode
                  | +Blink rF+} (You bought it in a shop on level 8 of the
                  | Dungeon)
 26918 | D:8      | Bought an encrusted buckler for 275 gold pieces
 26918 | D:8      | Identified the +2 buckler "Qosoghod" {rN+ Str-5 Int+2
                  | Dex+3} (You bought it in a shop on level 8 of the Dungeon)
 27654 | Lair:3   | Reached ***** piety under Sif Muna
 27713 | Lair:3   | Found an ancient bone altar of Kikubaaqudgha.
 27875 | Lair:3   | Identified Giapem's Handbook of Frigorific Dark Arts (Sif
                  | Muna gifted it to you on level 3 of the Lair of Beasts)
 27875 | Lair:3   | Received a gift from Sif Muna
 28022 | Lair:3   | Found a staircase to the Snake Pit.
 28481 | Lair:4   | Found a staircase to the Swamp.
 29309 | Lair:5   | Reached skill level 5 in Fighting
 29414 | Lair:5   | Found a staircase to the Slime Pits.
 29414 | Lair:5   | Found a viscous altar of Jiyva.
 30027 | Lair:5   | Learned a level 6 spell: Freezing Cloud
 30346 | Lair:5   | Reached XP level 14. HP: 80/80 MP: 22/27
 30485 | Lair:5   | Noticed an entropy weaver
 30529 | Lair:5   | Killed an entropy weaver
 31624 | Lair:5   | Noticed an entropy weaver
 31656 | Lair:5   | Killed an entropy weaver
 32570 | Lair:5   | Reached skill level 13 in Air Magic
 32780 | Lair:6   | Entered Level 6 of the Lair of Beasts
 34188 | Lair:6   | Noticed Nessos
 34205 | Lair:6   | Killed Nessos
 34417 | Lair:6   | Found a white marble altar of Elyvilon.
 35539 | Lair:6   | Reached skill level 14 in Air Magic
 35798 | Lair:6   | Received a gift from Sif Muna
 35806 | Lair:6   | Learned a level 3 spell: Mephitic Cloud
 36177 | Lair:6   | Reached XP level 15. HP: 84/84 MP: 16/29
 36951 | Orc:1    | Entered Level 1 of the Orcish Mines
 36951 | Orc:1    | Found Ceqy's General Store.
 37868 | Orc:1    | Bought a scroll of fog for 22 gold pieces
 38342 | Orc:2    | Entered Level 2 of the Orcish Mines
 38414 | Orc:2    | Found Elecluts's Book Emporium.
 38541 | Orc:2    | Reached skill level 15 in Conjurations
 38541 | Orc:2    | Reached skill level 15 in Air Magic
 38583 | Orc:2    | Reached skill level 10 in Spellcasting
 38802 | Orc:2    | Found a staircase to the Elven Halls.
 38903 | Orc:2    | Found a roughly hewn altar of Beogh.
 38915 | Orc:2    | Found Fanay's Jewellery Shoppe.
 39185 | Orc:2    | Identified Sif Muna's Collected Works on Gliding Darkness
                  | (Sif Muna gifted it to you on level 2 of the Orcish Mines)
 39185 | Orc:2    | Received a gift from Sif Muna
 39194 | Orc:2    | Found a roughly hewn altar of Beogh.
 39237 | Orc:2    | Found Cevamie's Distillery.
 39343 | Orc:2    | Found a roughly hewn altar of Beogh.
 39478 | Orc:2    | Found a roughly hewn altar of Beogh.
 39765 | Orc:2    | Noticed an orc warlord
 39918 | Orc:2    | Killed an orc warlord
 40004 | Orc:2    | Found a roughly hewn altar of Beogh.
 40004 | Orc:2    | Found Titwalupn's Antique Weapon Emporium.
 40020 | Orc:2    | Found Quh Tok's Antique Armour Shoppe.
 40151 | Orc:2    | Bought the +2 hat of the Bear Spirit {Spirit, +Rage rN+
                  | MR++} for 1173 gold pieces
 40151 | Orc:2    | Found the +2 hat of the Bear Spirit {Spirit, +Rage rN+
                  | MR++}
 40358 | Orc:2    | Bought a potion of heal wounds for 85 gold pieces
 40358 | Orc:2    | Bought a potion of curing for 51 gold pieces
 40482 | D:8      | Bought a runed buckler for 217 gold pieces
 40842 | D:12     | Noticed Azrael
 40842 | D:12     | Noticed Urug
 40849 | D:12     | Killed Urug
 40849 | D:12     | Killed Azrael
 41041 | D:12     | Noticed Psyche
 41044 | D:12     | Killed Psyche
 41225 | D:12     | Identified Sif Muna's Primer on the Arcane Arts (Sif Muna
                  | gifted it to you on level 12 of the Dungeon)
 41225 | D:12     | Received a gift from Sif Muna
 41903 | D:12     | Upgraded the game from 0.25-a0-35-g747a2b3c0c to
                  | 0.25-a0-36-g303dd5b1f4
 43024 | D:13     | Reached XP level 16. HP: 59/93 MP: 4/31
 43444 | D:10     | You paid a toll of +5 fire dragon scales to enter a
                  | treasure trove
 43445 | Trove    | Entered a treasure trove
 43468 | Trove    | Got an iridescent hand axe
 43483 | Trove    | Got a slimy falchion
 43494 | Trove    | Got an iridescent hand crossbow
 43577 | D:14     | Reached skill level 10 in Dodging
 43696 | D:14     | Found a gate leading to a gauntlet.
 43735 | Gauntlet | Entered a Gauntlet
 43735 | Gauntlet | Found a transporter.
 43735 | Gauntlet | Found a transporter.
 43735 | Gauntlet | Found a transporter.
 43747 | Gauntlet | Found a transporter.
 43750 | Gauntlet | Found a transporter.
 43760 | Gauntlet | Found a transporter.
 43762 | Gauntlet | Found a transporter.
 43775 | Gauntlet | Found a transporter.
 43793 | Gauntlet | Found a transporter.
 43812 | Gauntlet | Found a transporter.
 43815 | Gauntlet | Found a transporter.
 43817 | Gauntlet | Found a runed translucent gate.
 43817 | Gauntlet | Found a runed translucent gate.
 43817 | Gauntlet | Found a runed translucent gate.
 43818 | Gauntlet | Found a large runed translucent door.
 43818 | Gauntlet | Found a large runed translucent door.
 43819 | Gauntlet | Found a large runed translucent door.
 43820 | Gauntlet | Found a large runed translucent door.
 43821 | Gauntlet | Found a large runed translucent door.
 43821 | Gauntlet | Found a large runed translucent door.
 43821 | Gauntlet | Found a runed translucent door.
 43821 | Gauntlet | Found a runed translucent door.
 43822 | Gauntlet | Found a large runed translucent door.
 43823 | Gauntlet | Found a large runed translucent door.
 43825 | Gauntlet | Found a transporter.
 43866 | Gauntlet | Found a large runed translucent door.
 43867 | Gauntlet | Found a large runed translucent door.
 43868 | Gauntlet | Found a large runed translucent door.
 43868 | Gauntlet | Found a large runed translucent door.
 43869 | Gauntlet | Found a large runed translucent door.
 43870 | Gauntlet | Found a large runed translucent door.
 43871 | Gauntlet | Found a large runed translucent door.
 43871 | Gauntlet | Found a large runed translucent door.
 43926 | Gauntlet | Got a pair of transparent gloves
 44243 | Gauntlet | Identified the Reference Book on Enchanting Confrontation
 44257 | Gauntlet | Identified the +1 pair of gloves of the Ace of Cups {rF+
                  | rC+} (You found it in a Gauntlet)
 44596 | D:14     | Found a snail-covered altar of Cheibriados.
 44645 | D:14     | Received a gift from Sif Muna
 44882 | D:14     | Found a gate to the Vaults.
 45064 | D:15     | Entered Level 15 of the Dungeon
 45133 | D:15     | Found a shimmering blue altar of Sif Muna.
 45151 | D:15     | Found a glowing golden altar of the Shining One.
 45674 | D:15     | Found a staircase to the Depths.
 45704 | D:15     | Found a white marble altar of Elyvilon.
 45812 | D:15     | Reached skill level 10 in Shields
 46625 | Orc:2    | Bought an uncursed ring of poison resistance for 220 gold
                  | pieces
 46819 | Swamp:1  | Entered Level 1 of the Swamp
 50502 | Swamp:3  | Reached XP level 17. HP: 97/97 MP: 20/33
 51126 | Swamp:3  | Upgraded the game from 0.25-a0-36-g303dd5b1f4 to
                  | 0.25-a0-41-g6cf4ce537d
 53032 | Swamp:4  | Entered Level 4 of the Swamp
 54972 | Swamp:4  | Identified Sif Muna's Disquisition on Dusty Flight (Sif
                  | Muna gifted it to you on level 4 of the Swamp)
 54972 | Swamp:4  | Received a gift from Sif Muna
 55937 | Swamp:4  | Learned a level 4 spell: Summon Lightning Spire
 55940 | Swamp:4  | Learned a level 2 spell: Blink
 56383 | Swamp:4  | Got a decaying rune of Zot
 56563 | Snake:1  | Entered Level 1 of the Snake Pit
 56871 | Snake:1  | Identified the +3 buckler "Wigreriz" {rElec MR++ rCorr
                  | Str-5} (You found it on level 1 of the Snake Pit)
 56970 | Snake:1  | Reached skill level 15 in Shields
 57253 | Snake:1  | Noticed Aizul
 57268 | Snake:1  | Killed Aizul
 57268 | Snake:1  | Reached XP level 18. HP: 96/103 MP: 15/35
 57632 | Snake:1  | Identified Sif Muna's Reference Book on Earth and the
                  | Compass (Sif Muna gifted it to you on level 1 of the Snake
                  | Pit)
 57632 | Snake:1  | Received a gift from Sif Muna
 57675 | Snake:1  | Reached skill level 5 in Evocations
 59925 | Snake:2  | Reached skill level 10 in Invocations
 61626 | Snake:4  | Entered Level 4 of the Snake Pit
 62022 | Snake:4  | Found an iron altar of Okawaru.
 62923 | Snake:4  | Reached XP level 19. HP: 36/107 MP: 29/36
 63375 | Snake:4  | Identified Tuumifacs's Disquisition on Blistering Black
                  | Magic (Sif Muna gifted it to you on level 4 of the Snake
                  | Pit)
 63375 | Snake:4  | Received a gift from Sif Muna
 63384 | Snake:4  | Learned a level 5 spell: Silence
 64041 | Snake:4  | Reached skill level 16 in Air Magic
 65414 | Snake:4  | Got a serpentine rune of Zot
 65750 | Vaults:1 | Entered Level 1 of the Vaults
 65819 | Vaults:1 | Identified Sif Muna's Incunabulum of Blows and Bruises (Sif
                  | Muna gifted it to you on level 1 of the Vaults)
 65819 | Vaults:1 | Received a gift from Sif Muna
 66339 | Vaults:1 | Found a roughly hewn altar of Beogh.
 68222 | Vaults:2 | Found the +7 great mace "Firestarter" {inner flame, rF++}
 68341 | Vaults:2 | Upgraded the game from 0.25-a0-41-g6cf4ce537d to
                  | 0.25-a0-42-g6c54e25894
 68382 | Vaults:2 | Reached skill level 17 in Air Magic
 69195 | Vaults:2 | Received a gift from Sif Muna
 69267 | Vaults:2 | Reached XP level 20. HP: 112/112 MP: 32/39
 69622 | Vaults:2 | Found Dojawn's General Store.
 69699 | Vaults:2 | Found a staircase to the Crypt.
 69803 | Vaults:2 | Reached skill level 15 in Spellcasting
 70176 | Vaults:2 | Identified the +10 morningstar of Dithmenos's Regard
                  | {drain, +Fly} (You found it on level 2 of the Vaults)
 70696 | Vaults:3 | Noticed Bai Suzhen
 71540 | Vaults:3 | Reached skill level 18 in Air Magic
 71689 | Vaults:3 | Noticed Saint Roka
 71706 | Vaults:3 | Killed Saint Roka
 71953 | Vaults:3 | Found Kosepro's Armour Shop.
 72665 | Vaults:2 | Learned a level 5 spell: Fireball
 73457 | Vaults:3 | Identified Sif Muna's Reference Book on Spatial Air (Sif
                  | Muna gifted it to you on level 3 of the Vaults)
 73457 | Vaults:3 | Received a gift from Sif Muna
 73630 | Vaults:3 | Noticed Nikola
 74585 | Vaults:4 | Reached skill level 19 in Air Magic
 74760 | Vaults:4 | Noticed Asterion
 74760 | Vaults:4 | Noticed Sojobo
 74761 | Vaults:4 | Upgraded the game from 0.25-a0-42-g6c54e25894 to
                  | 0.25-a0-44-g29a1220a87
 74766 | Vaults:4 | Noticed Agnes
 75141 | Vaults:4 | Noticed Margery
 75143 | Vaults:4 | Killed Margery
 75648 | Vaults:4 | Killed Sojobo
 75648 | Vaults:4 | Reached XP level 21. HP: 66/117 MP: 6/41
 75851 | Vaults:4 | Found a large runed translucent door.
 75851 | Vaults:4 | Found a large runed translucent door.
 76508 | Vaults:4 | Killed Agnes
 76508 | Vaults:4 | Killed Asterion
 77190 | Vaults:4 | Reached skill level 20 in Air Magic
 77497 | Vaults:4 | Noticed Awazaost's ghost (veteran MiBe)
 77587 | Vaults:3 | Killed Bai Suzhen
 78035 | Vaults:2 | Bought a scroll of enchant armour for 97 gold pieces
 78035 | Vaults:2 | Bought a scroll of identify for 26 gold pieces
 78261 | Orc:1    | Bought a potion of ambrosia for 88 gold pieces
 78261 | Orc:1    | Bought a potion of curing for 33 gold pieces
 78261 | Orc:1    | Bought a phantom mirror for 330 gold pieces
 78305 | Orc:2    | Bought 2 potions of brilliance for 136 gold pieces
 78305 | Orc:2    | Bought a potion of mutation for 136 gold pieces
 78305 | Orc:2    | Bought a potion of curing for 51 gold pieces
 78305 | Orc:2    | Bought a potion of mutation for 136 gold pieces
 78305 | Orc:2    | Bought a potion of might for 68 gold pieces
 78471 | D:6      | Bought a potion of might for 100 gold pieces
 78690 | Depths:1 | Entered Level 1 of the Depths
 78747 | Depths:1 | Found Qywidice's Book Shoppe.
 79231 | Depths:1 | Found a gateway to Hell.
 79455 | Depths:1 | Found a one-way gate to the infinite horrors of the Abyss.
 80889 | Depths:2 | Found a shattered altar of Ashenzari.
 80906 | Depths:2 | Identified Sif Muna's Reference Book on Confrontation and
                  | Moulding (Sif Muna gifted it to you on level 2 of the
                  | Depths)
 80906 | Depths:2 | Received a gift from Sif Muna
 81660 | Depths:2 | Reached skill level 10 in Fighting
 81837 | Depths:2 | Found a transporter.
 81838 | Depths:2 | Found a corrupted altar of Lugonu.
 82225 | Depths:2 | Found a transporter.
 82363 | Depths:2 | Noticed a caustic shrike
 82367 | Depths:2 | Noticed a caustic shrike
 82369 | Depths:2 | Killed a caustic shrike
 82378 | Depths:2 | Killed a caustic shrike
 82659 | Depths:2 | Found a basalt altar of Yredelemnul.
 82773 | Depths:2 | Identified the Handbook of Heat
 83101 | Depths:3 | Noticed a bone dragon
 83297 | Depths:2 | Reached XP level 22. HP: 91/128 MP: 20/42
 85673 | Depths:3 | Found a glowing golden altar of the Shining One.
 86613 | Depths:3 | Found a bloodstained altar of Trog.
 86615 | Depths:3 | Found a one-way gate leading to the halls of Pandemonium.
 86644 | Depths:3 | Identified the ring "Funeufi" {AC+1 Int+3 Stlth+}
 87219 | Depths:3 | Identified the +1 leather armour "Rigud" {+Blink rC- rN++
                  | Stlth-}
 87229 | Depths:3 | Noticed a golden dragon
 87436 | Depths:3 | Reached skill level 15 in Dodging
 87508 | Depths:3 | Reached skill level 1 in Armour
 88338 | Depths:3 | Found a shadowy altar of Dithmenos.
 88363 | Depths:3 | Killed a golden dragon
 88806 | Depths:3 | Found an ornate altar of the Wu Jian Council.
 88808 | Depths:3 | Found a gateway to a ziggurat.
 89898 | Depths:4 | Received a gift from Sif Muna
 89960 | Depths:4 | Noticed Louise
 89989 | Depths:4 | Reached XP level 23. HP: 92/136 MP: 30/43
 90211 | Depths:4 | Reached skill level 5 in Armour
 90443 | Depths:4 | Killed Louise
 91177 | Depths:4 | Reached skill level 10 in Evocations
 91423 | Depths:4 | Noticed a golden dragon
 91432 | Depths:4 | Killed a golden dragon
 92124 | Depths:4 | Identified the Papyrus of Gliding Poisoning
 92251 | Depths:5 | Entered Level 5 of the Depths
 92512 | Depths:5 | Noticed a golden dragon
 92823 | Depths:5 | Noticed a golden dragon
 92848 | Depths:4 | Killed a golden dragon
 93881 | Depths:5 | Found a gate to the Realm of Zot.
 94388 | Depths:5 | Found a shimmering altar of Xom.
 95035 | Depths:5 | Killed a golden dragon
 95691 | Depths:5 | Learned a level 6 spell: Bolt of Fire
 95698 | Depths:5 | Learned a level 6 spell: Deflect Missiles
 96026 | D:6      | Bought a potion of resistance for 250 gold pieces
 96184 | Orc:2    | Bought a potion of haste for 170 gold pieces
 96184 | Orc:2    | Bought a potion of haste for 170 gold pieces
 96184 | Orc:2    | Bought a potion of haste for 170 gold pieces
 96251 | Elf:1    | Entered Level 1 of the Elven Halls
 96277 | Elf:1    | Found a radiant altar of Vehumet.
 96542 | Elf:1    | Found Fiqataf's One-of-a-Kind Books.
 97184 | Elf:1    | Found a runed translucent gate.
 97184 | Elf:1    | Found a runed translucent gate.
 97184 | Elf:1    | Found a runed translucent gate.
 97188 | Elf:1    | Noticed Zeximyuf's ghost (adept OpFi)
 97238 | Elf:1    | Found an iron altar of Okawaru.
 97540 | Elf:2    | Reached XP level 24. HP: 109/142 MP: 14/43
 98580 | Elf:2    | Found a huge runed translucent gate.
 98580 | Elf:2    | Found a huge runed translucent gate.
 98581 | Elf:2    | Found a huge runed translucent gate.
 99359 | Elf:2    | Found a huge runed translucent gate.
 99359 | Elf:2    | Found a huge runed translucent gate.
 99576 | Elf:3    | Entered Level 3 of the Elven Halls
 99662 | Elf:3    | Identified Sif Muna's Guide on the Glacier (Sif Muna gifted
                  | it to you on level 3 of the Elven Halls)
 99662 | Elf:3    | Received a gift from Sif Muna
 99717 | Elf:3    | Learned a level 6 spell: Iron Shot
101220 | Elf:3    | Reached skill level 15 in Invocations
101453 | Elf:3    | Identified the +3 hand axe of Ciwnunacwo {flame, rC+ Int+3}
101541 | Elf:3    | Identified the +0 robe of Ofaryneyta {*Corrode rElec rPois
                  | rF+ rN+}
101543 | Elf:3    | Identified the cursed +0 war axe of Cowardice {venom, rF+
                  | Str+4 Int-2}
101964 | Elf:3    | Identified the +11 short sword of Yesterday {pierce, +Inv}
102078 | Elf:3    | Identified the amulet "Offecw" {Inacc *Slow rF+ rN+ Int+3}
                  | (You found it on level 3 of the Elven Halls)
102671 | Vaults:5 | Entered Level 5 of the Vaults
102757 | Vaults:5 | Identified the +5 plate armour of the Forgotten Wishes {rC+
                  | MR++ rCorr Str-3}
102759 | Vaults:5 | Noticed an ancient lich
102802 | Vaults:5 | Killed an ancient lich
102907 | Vaults:5 | Reached XP level 25. HP: 106/147 MP: 17/43
103115 | Vaults:5 | Reached skill level 21 in Air Magic
104637 | Vaults:5 | Identified the +2 arbalest "Mefroniw" {flame, rElec rF+}
104684 | Vaults:5 | Noticed a shard shrike
104702 | Vaults:5 | Identified the ring "Conkuwk" {+Inv rPois rC+ MR- rCorr
                  | Dex+2}
105532 | Vaults:5 | Identified the amulet of Amelioration {Regen+ Int+6 Stlth+}
105863 | Vaults:5 | Got a silver rune of Zot
107110 | Vaults:5 | Reached skill level 22 in Air Magic
107370 | Vaults:5 | Identified Nilab's Reference Book on Conjuration and
                  | Enhancements (Sif Muna gifted it to you on level 5 of the
                  | Vaults)
107370 | Vaults:5 | Received a gift from Sif Muna
107605 | Vaults:5 | Identified the +9 spear of Hacking and Slashing {pierce,
                  | Str+7}
108341 | Crypt:1  | Entered Level 1 of the Crypt
109537 | Crypt:2  | Reached XP level 26. HP: 152/152 MP: 18/44
111305 | Crypt:2  | Learned a level 9 spell: Tornado
111316 | Crypt:3  | Entered Level 3 of the Crypt
112524 | Crypt:3  | Found an ancient bone altar of Kikubaaqudgha.
113147 | Crypt:3  | Reached skill level 23 in Air Magic
113152 | Crypt:3  | Reached skill level 1 in Necromancy
113350 | Crypt:3  | Found the +8 demon blade "Bloodbane" {slice, *Rage +Rage
                  | Stlth-}
114096 | Crypt:3  | Found the +8 mithril axe "Arga" {speed, MR+}
114330 | Crypt:3  | HP: 7/152 [jiangshi (11)]
114657 | Crypt:3  | Learned a level 1 spell: Summon Butterflies
115072 | Crypt:3  | Found a staircase to the Tomb.
115753 | Zot:1    | Entered Level 1 of the Realm of Zot
116880 | Zot:1    | Reached XP level 27. HP: 137/157 MP: 2/45
117831 | Zot:1    | Reached skill level 24 in Air Magic
120507 | Zot:3    | Identified Sif Muna's Guide on Fetching Transmutation (Sif
                  | Muna gifted it to you on level 3 of the Realm of Zot)
120507 | Zot:3    | Received a gift from Sif Muna
120667 | Zot:3    | You are sucked into a shaft and drop 1 floor!
120680 | Zot:4    | Reached skill level 25 in Air Magic
121871 | Zot:4    | Found a huge runed gate.
121871 | Zot:4    | Found a huge runed gate.
121871 | Zot:4    | Found a huge runed gate.
121871 | Zot:4    | Found a huge runed gate.
121871 | Zot:4    | Found a huge runed gate.
121871 | Zot:4    | Found a huge runed gate.
121871 | Zot:4    | Found a huge runed gate.
121901 | Zot:4    | Found a huge runed gate.
121902 | Zot:4    | Found a huge runed gate.
121902 | Zot:4    | Found a huge runed gate.
121902 | Zot:4    | Found a huge runed gate.
121903 | Zot:4    | Found a huge runed gate.
122150 | Zot:4    | Found a huge runed gate.
122150 | Zot:4    | Found a huge runed gate.
122150 | Zot:4    | Found a huge runed gate.
122709 | Zot:4    | Reached skill level 26 in Air Magic
123200 | Zot:4    | Found a huge runed gate.
123200 | Zot:4    | Found a huge runed gate.
123201 | Zot:4    | Found a huge runed gate.
123202 | Zot:4    | Found a huge runed gate.
123203 | Zot:4    | Found a huge runed gate.
123203 | Zot:4    | Found a huge runed gate.
123204 | Zot:4    | Found a huge runed gate.
123204 | Zot:4    | Found a huge runed gate.
123205 | Zot:4    | Found a huge runed gate.
123206 | Zot:4    | Found a huge runed gate.
123230 | Zot:4    | Found a huge runed gate.
123230 | Zot:4    | Found a huge runed gate.
123230 | Zot:4    | Found a huge runed gate.
123230 | Zot:4    | Found a huge runed gate.
123248 | Zot:4    | Found a huge runed gate.
123248 | Zot:4    | Found a huge runed gate.
123248 | Zot:4    | Found a huge runed gate.
123249 | Zot:4    | Found a huge runed gate.
123597 | Zot:4    | Found a glowing golden altar of the Shining One.
124796 | Zot:4    | Reached skill level 27 in Air Magic
124950 | Zot:4    | Identified Dyokav's Papyrus of Fire and Brimstone
124959 | Zot:4    | Identified the Catalogue of the Zealot
125243 | Zot:4    | Noticed an ancient lich
125243 | Zot:4    | Noticed an orb of fire
125243 | Zot:4    | Noticed an orb of fire
125257 | Zot:3    | Gained mutation: You are clumsy. (Dex -2) [an orb of fire]
125259 | Zot:3    | Killed an orb of fire
125261 | Zot:3    | Mangled by a red draconian monk

Levels and vault maps discovered:
D:1:      matt_arrival_los_fun, layout_basic, minmay_hexomino_c4
D:2:      layout_loops_corners, fiery_altar_vehumet, kennysheep_generic_room_9,
          uniq_crazy_yiuf_cottage, uniq_jessica
D:3:      layout_basic, old_standard_altar, okawaru_trees_1, first_ration,
          st_stairs_8, uniq_terence, uniq_robin
D:4:      layout_basic, serial_bayou_pond_b
D:5:      layout_basic, kennysheep_mini_moat, uniq_ijyb
D:6:      layout_loops_corners, minmay_temple_entry_proselytizer, serial_shops,
          shop
D:7:      lemuel_slime, layout_loops_ring, lemuel_zombie_altar_kikubaaqudgha,
          uniq_duvessa
D:8:      layout_rooms, serial_shops, nicolae_shop_statue_plus,
          nicolae_shop_waterfront, shop, nicolae_shop_crystal, hangedman_ranch
          [blue_anna_fruit_fields], hangedman_decor_growths,
          hangedman_abyss_or_decor_stagger
D:9:      layout_loops_ring, gammafunk_temple_overflow_elements, erik_orc_1,
          worms_lemuel
D:10:     layout_roguey, nicolae_trove_entry_free_sample,
          nicolae_ru_sacrificial_ziggurat
D:11:     layout_long_grid, lair_entry_dummy, serial_bayou_pond_a,
          minmay_guarded_unrand_vampires_tooth
D:12:     layout_roguey, uniq_azrael, uniq_psyche, uniq_urug
D:13:     layout_roguey
D:14:     layout_roguey, ximxim_vaults_locker_room, cheibriados_altar_1,
          gauntlet_entry_generic
D:15:     grunt_enter_depths_snipers, layout_cave_pods, basic_altar,
          tso_metal_star, elyvilon_altar_5
Temple:   eino_wide_crystal_templ
Lair:1:   layout_cave_pods, grunt_megastairs_4, infiniplex_staircase_pool,
          serial_bayou_shore_b
Lair:2:   layout_loops_ring, portal_ice_cave_demonic_guard
Lair:3:   layout_regular_city, dummy_snake_entry, lemuel_oklob_altar
Lair:4:   layout_concentric_octagons, swamp_mist, serial_bayou_pond_d
Lair:5:   layout_regular_city, slime_altar_1, zaba_anthell, lemuel_fruit_tree,
          lemuel_fruit_fields
Lair:6:   hangedman_lair_in_review, layout_regular_city,
          guppyfry_lair_end_dragon, basic_altar, uniq_nessos
Swamp:1:  layout_falls_marsh, hangedman_swamp_lotus
Swamp:2:  layout_basic_swamp, hangedman_swamp_ruin_wall, hangedman_swamp_cone,
          swamp_pool5, nicolae_swamp_spriggan_camp
Swamp:3:  layout_basic_swamp, evilmike_swamp_ruin_house_6, swamp_pool5
Swamp:4:  swamp_basic_johnstein, layout_basic_swamp, swamp_pool1,
          nicolae_swamp_triple_paths
Snake:1:  layout_basic, grunt_ministairs_4, uniq_aizul
Snake:2:  nicolae_snake_hallway, layout_grid_maze
Snake:3:  layout_misc_corridors
Snake:4:  snake_pit, layout_rooms, basic_altar, grunt_megastairs_2
Orc:1:    layout_caves, serial_shops, nicolae_shop_statue_plus
Orc:2:    grunt_orc_community_town_hall, layout_caves,
          grunt_orc_community_big_house_2, grunt_orc_community_big_house_1,
          grunt_orc_community_house_2, grunt_orc_community_house_3,
          grunt_orc_community_house_1, grunt_orc_community_house_3,
          serial_shops, nicolae_shop_trees
Elf:1:    eino_elf_arrival_altar, layout_geoelf_grid, serial_sigils,
          serial_sigils_hangedman_etch, serial_sigils_hangedman_scratch,
          serial_sigils_hangedman_clutch, serial_sigils_hangedman_confine,
          gammafunk_ghost_fury_of_okawaru, minivault_28, nicolae_rare_books,
          drop_trap
Elf:2:    layout_loops_corners, hex_tiny, drop_trap,
          serial_sigils_hangedman_leer, minmay_misc_feat_ornament, minivault_24,
          due_unseen_surprise
Elf:3:    elf_hall, layout_loops_cross
Vaults:1: v_rooms_6, hangedman_vaults_slither, ontoclasm_vaults_ligature,
          vaults_dpeg_doors, nicolae_vaults_angled_halls,
          ontoclasm_vaults_gateway, special_room_vaults [special_room_orc],
          v_misc_16, nicolae_vaults_rhombus_5, nicolae_vaults_little_squares_1,
          grunt_vaults_funnel, nicolae_vaults_little_squares_1,
          vaults_room_pools, v_misc_14, vaults_dpeg_ring, v_misc_22,
          layout_vaults_omnibox
Vaults:2: minmay_crypt_entry_simple_box, v_misc_23, dpeg_vaults_waves,
          ontoclasm_vaults_twist, vaults_room_hallway, vaults_dpeg_cross,
          nicolae_vaults_little_squares_4, vaults_room_pool,
          hangedman_vaults_slice, layout_vaults_big_room, serial_shops,
          nicolae_shop_behind_doors
Vaults:3: nicolae_vaults_windows_and_doors_thing, grunt_vaults_twisty,
          v_misc_14, grunt_vaults_hallway_short, ontoclasm_vaults_pinch,
          layout_vaults_quadrants, serial_shops, shop, uniq_saint_roka,
          uniq_nikola, uniq_bai_suzhen
Vaults:4: ebering_vaults_ghost_disaster_area, sword_in_stone, v_misc_33,
          nicolae_vaults_what_the_h, nicolae_vaults_stairing_the_circle,
          hangedman_vaults_trim, vaults_standard_mumra_enter_the_diamond,
          hangedman_vaults_pinch, vaults_dpeg_encased_lava,
          nicolae_vaults_gold_heap, layout_vaults_maze, uniq_margery
Vaults:5
Crypt:1:  layout_gridlike
Crypt:2:  layout_regular_city, grunt_ministairs_2
Crypt:3:  grunt_crypt_end_deaths_head
Depths:1: layout_roguey, minmay_misc_feat_enclosed, grunt_hell_entry_dis_old,
          hangedman_abyss_entry_splay, serial_shops, shop, eino_tiny_chamber,
          lemuel_freeze_loot_1
Depths:2: gammafunk_corrupted_shrine, layout_cave_pools, ashenzari_altar_1,
          pf_coc_iceberg, argonaut_fire_from_heaven
Depths:3: grunt_profane_halls [grunt_profane_temple_dis,
          grunt_profane_temple_tar, grunt_profane_temple_geh,
          grunt_profane_temple_coc, grunt_profane_loot], pan_entry, hell_entry
Depths:4: minmay_triangles_in_corner, layout_honeycomb,
          nicolae_abyss_entry_one_way_or_another, corexii_hall_statues_i,
          grunt_hell_horde
Depths:5: grunt_crosshair, layout_gridville, hell_entry, abyss_entry,
          lemuel_statue_altar, serial_bayou_pond_d, serial_bayou_pond_d,
          hangedman_abyss_or_decor_slice, grunt_decor_fettered,
          serial_bayou_lagoon_a, chequers_serial_rivers_room_b
Zot:1:    layout_onion, grunt_megastairs_3
Zot:2:    layout_cathedral_of_symmetry
Zot:3:    layout_cathedral_of_symmetry
Zot:4:    nicolae_zot_draconian_monastery, layout_misc_corridors, door_vault

Skill      XL: |  1  2  3  4  5  6  7  8  9 10 11 12 13 14 15 16 17 18 19 20 21 22 23 24 25 26 27 |
---------------+----------------------------------------------------------------------------------+-----
Conjurations   | 2 3 4 5 6 7 10 12 14 15 17 19 20 22 23 24 | 24.0
Air Magic      | 5 6 7 10 12 14 15 17 19 20 22 23 27 | 27.0
Shields        | 2 3 5 7 11 15 | 15.0
Stealth        | 3 4 |  4.1
Spellcasting   | 4 5 7 8 9 10 11 12 14 15 16 17 18 | 18.0
Fighting       | 3 4 6 8 10 12 | 12.3
Dodging        | 4 6 8 9 10 12 15 | 15.2
Staves         | 7 12 | 12.0
Invocations    | 6 7 8 10 12 15 | 15.0
Evocations     | 4 8 9 12 | 12.0
Armour         | 4 8 |  8.0
Necromancy     | 4 |  4.0

Action                   |  1- 3 |  4- 6 |  7- 9 | 10-12 | 13-15 | 16-18 | 19-21 | 22-24 | 25-27 || total
-------------------------+-------+-------+-------+-------+-------+-------+-------+-------+-------++-------
Melee: Dagger            |    14 |    17 |    13 |       |       |       |       |       |       ||    44
       Peck              |     3 |     1 |    35 |    62 |   116 |   178 |   219 |   166 |   223 ||  1003
       Kick              |     2 |     2 |    55 |   112 |   167 |   240 |   302 |   249 |   318 ||  1447
       Staff             |       |       |   166 |   401 |   733 |  1033 |  1228 |   835 |  1145 ||  5541
 Fire: Shortbow          |       |       |     8 |       |       |       |       |       |       ||     8
Throw: Dart              |       |       |       |       |     3 |       |       |       |       ||     3
       Javelin           |       |       |       |       |       |       |       |       |     1 ||     1
 Cast: Shock             |    62 |   120 |   137 |   250 |   392 |    40 |    40 |     4 |       ||  1045
       Airstrike         |       |       |    35 |   206 |   247 |   447 |   389 |   574 |   737 ||  2635
       Static Discharge  |       |       |     9 |    31 |    44 |    32 |    17 |    16 |     4 ||   153
       Conjure Flame     |       |       |       |    47 |   101 |    70 |     7 |     1 |       ||   226
       Regeneration      |       |       |       |     2 |     2 |     7 |    10 |     7 |    18 ||    46
       Lightning Bolt    |       |       |       |       |    75 |   112 |   113 |   177 |    30 ||   507
       Apportation       |       |       |       |       |     1 |       |       |       |       ||     1
       Freezing Cloud    |       |       |       |       |     3 |     4 |    22 |    25 |    40 ||    94
       Mephitic Cloud    |       |       |       |       |     3 |       |     2 |     1 |       ||     6
       Summon Lightning  |       |       |       |       |       |    23 |    30 |    41 |    26 ||   120
       Blink             |       |       |       |       |       |     1 |     5 |     1 |     3 ||    10
       Fireball          |       |       |       |       |       |       |    15 |     4 |       ||    19
       Silence           |       |       |       |       |       |       |     1 |     5 |     1 ||     7
       Swiftness         |       |       |       |       |       |       |     1 |     4 |     2 ||     7
       Bolt of Fire      |       |       |       |       |       |       |       |     2 |    11 ||    13
       Iron Shot         |       |       |       |       |       |       |       |     3 |    79 ||    82
       Deflect Missiles  |       |       |       |       |       |       |       |     3 |     1 ||     4
       Summon Butterflie |       |       |       |       |       |       |       |       |     1 ||     1
       Tornado           |       |       |       |       |       |       |       |       |     3 ||     3
Invok: Channel Magic     |       |       |     1 |    17 |    22 |    37 |    31 |    52 |    29 ||   189
 Abil: Fly               |       |     1 |       |       |       |       |     1 |     3 |     3 ||     8
       Stop Flying       |       |       |       |       |       |       |     2 |     3 |     2 ||     7
Evoke: Wand              |       |       |       |     3 |     9 |     1 |     2 |     9 |       ||    24
       Box of beasts     |       |       |       |       |       |     1 |       |     1 |     1 ||     3
       Sack of spiders   |       |       |       |       |       |       |     1 |     1 |       ||     2
       Phantom mirror    |       |       |       |       |       |       |       |     1 |       ||     1
       Lamp of fire      |       |       |       |       |       |       |       |     1 |       ||     1
  Use: Scroll            |     1 |     1 |     8 |    16 |    15 |    16 |    13 |    11 |    12 ||    93
       Potion            |       |       |       |     6 |     1 |     3 |     1 |    12 |    17 ||    40
 Stab: Sleeping          |       |       |     4 |     3 |     4 |     7 |     7 |     4 |     4 ||    33
       Distracted        |       |       |     1 |       |     2 |     4 |     7 |    10 |     2 ||    26
       Paralysed         |       |       |       |     2 |     9 |       |       |       |       ||    11
       Confused          |       |       |       |       |     2 |       |     2 |       |       ||     4
  Eat: Chunk             |     3 |     8 |    10 |    50 |    70 |    55 |    48 |    51 |    40 ||   335
       Ration            |       |     1 |     4 |    11 |     7 |    11 |    10 |     9 |    12 ||    65
Armor: Robe              |     4 |       |       |       |       |       |       |       |       ||     4
       Leather armour    |     1 |     7 |    34 |    60 |   106 |   155 |   135 |   109 |   154 ||   761
Dodge: Dodged            |    14 |    33 |   146 |   294 |   429 |   604 |   462 |   426 |   627 ||  3035
       Deflected         |       |       |       |       |       |       |       |    16 |    24 ||    40
Block: Buckler           |       |       |    46 |   108 |   162 |   175 |       |       |       ||   491
       Shield            |       |       |       |       |       |   323 |   803 |   531 |   767 ||  2424

Table legend:
 A = Non-vault XP
 B = Vault XP
 C = Vault XP percentage of total XP
 D = Non-vault monster count
 E = Vault monster count
 F = Vault count percentage of total count
                 A         B        C        D         E       F
            +---------+---------+-------+---------+---------+-------
      Total |  716454 |  702825 |  49.5 |    1422 |    1063 |  42.8
            +---------+---------+-------+---------+---------+-------
        D:1 |      24 |      20 |  45.5 |      14 |      10 |  41.7
        D:2 |      65 |      78 |  54.5 |      21 |       3 |  12.5
        D:3 |      71 |      71 |  50.0 |      14 |      15 |  51.7
        D:4 |     380 |      62 |  14.0 |       9 |       2 |  18.2
        D:5 |     686 |      36 |   5.0 |      12 |       1 |   7.7
        D:6 |     855 |      41 |   4.6 |      13 |       1 |   7.1
        D:7 |    1001 |    3218 |  76.3 |      25 |      34 |  57.6
        D:8 |    3079 |     194 |   5.9 |      28 |       2 |   6.7
        D:9 |    7217 |    1912 |  20.9 |      48 |      25 |  34.2
       D:10 |    1793 |       0 |   0.0 |      15 |       0 |   0.0
       D:11 |    5017 |    1723 |  25.6 |      37 |       8 |  17.8
       D:12 |    7885 |    3157 |  28.6 |      42 |       7 |  14.3
       D:13 |   11252 |       0 |   0.0 |      35 |       0 |   0.0
       D:14 |    4158 |    5480 |  56.9 |      19 |      12 |  38.7
       D:15 |    9789 |    3008 |  23.5 |      32 |       3 |   8.6
     Lair:1 |    5273 |    1228 |  18.9 |      19 |       5 |  20.8
     Lair:2 |    2530 |     698 |  21.6 |      14 |       2 |  12.5
     Lair:3 |    2645 |     542 |  17.0 |      14 |       1 |   6.7
     Lair:4 |    2541 |       0 |   0.0 |       9 |       0 |   0.0
     Lair:5 |   11231 |    8756 |  43.8 |      40 |      47 |  54.0
     Lair:6 |    8316 |   17166 |  67.4 |      22 |      38 |  63.3
    Swamp:1 |    8131 |       0 |   0.0 |      22 |       0 |   0.0
    Swamp:2 |   11989 |    2824 |  19.1 |      34 |       9 |  20.9
    Swamp:3 |   22679 |     396 |   1.7 |      37 |       3 |   7.5
    Swamp:4 |   11635 |   21159 |  64.5 |      37 |      34 |  47.9
    Snake:1 |   21518 |    2836 |  11.6 |      54 |       3 |   5.3
    Snake:2 |   15506 |    6250 |  28.7 |      32 |      16 |  33.3
    Snake:3 |   14904 |       0 |   0.0 |      33 |       0 |   0.0
    Snake:4 |   23493 |   27145 |  53.6 |      51 |      48 |  48.5
      Orc:1 |     458 |       0 |   0.0 |       9 |       0 |   0.0
      Orc:2 |    1185 |    6292 |  84.2 |      15 |      72 |  82.8
      Elf:1 |    8923 |   10514 |  54.1 |      13 |      19 |  59.4
      Elf:2 |   28999 |    7015 |  19.5 |      47 |       9 |  16.1
      Elf:3 |   28067 |   33415 |  54.3 |      43 |      22 |  33.8
   Vaults:1 |   25967 |   14767 |  36.3 |      48 |      47 |  49.5
   Vaults:2 |   23801 |   15349 |  39.2 |      43 |      17 |  28.3
   Vaults:3 |   24337 |   18062 |  42.6 |      50 |      29 |  36.7
   Vaults:4 |   18715 |   48943 |  72.3 |      25 |      60 |  70.6
   Vaults:5 |   40686 |  125161 |  75.5 |      57 |      83 |  59.3
    Crypt:1 |   12846 |       0 |   0.0 |      20 |       0 |   0.0
    Crypt:2 |   25295 |    6800 |  21.2 |      39 |       8 |  17.0
    Crypt:3 |       0 |   80461 | 100.0 |       0 |     129 | 100.0
   Depths:1 |   21337 |       0 |   0.0 |      37 |       0 |   0.0
   Depths:2 |   21837 |   15287 |  41.2 |      28 |       9 |  24.3
   Depths:3 |   12083 |   90986 |  88.3 |       9 |     102 |  91.9
   Depths:4 |   34360 |   33839 |  49.6 |      42 |      28 |  40.0
   Depths:5 |   19902 |   22087 |  52.6 |      19 |      15 |  44.1
      Zot:1 |   64123 |    2965 |   4.4 |      41 |       2 |   4.7
      Zot:2 |   14610 |       0 |   0.0 |      10 |       0 |   0.0
      Zot:3 |   40221 |    9977 |  19.9 |      28 |       2 |   6.7
      Zot:4 |   33039 |   36406 |  52.4 |      17 |      25 |  59.5
      IceCv |       0 |   11482 | 100.0 |       0 |      42 | 100.0
   Gauntlet |       0 |    5017 | 100.0 |       0 |      14 | 100.0
            +---------+---------+-------+---------+---------+-------
